 Dungeon Crawl Stone Soup version 0.17-a0-1691-g18a3847 (webtiles) character file.

210 karlkraus the Shield-Bearer (level 5, -2/47 HPs)
             Began as a Minotaur Fighter on Aug 20, 2015.
             Slain by Pikel
             ... wielding a +1 whip of freezing
              (6 damage)
             ... on level 4 of the Dungeon.
             The game lasted 00:03:44 (2319 turns).

karlkraus the Shield-Bearer (Minotaur Fighter)      Turns: 2319, Time: 00:03:44

Health: -2/47      AC:  7    Str: 21    XL:     5   Next: 57%
Magic:  4/4        EV:  8    Int:  5    God:
Gold:   97         SH:  9    Dex: 10    Spells: 0 memorised, 4 levels left

rFire  . . .     SeeInvis .     a - +0 flail
rCold  . . .     Clarity  .     b - +0 scale mail
rNeg   . . .     SustAt   .     c - +0 shield
rPois  .         Gourm    .     (helmet restricted)
rElec  .         Spirit   .     (no cloak)
rCorr  .         Warding  .     (no gloves)
rMut   .         Stasis   .     (no boots)
MR     .....                    (no amulet)
Stlth  ..........               (no ring)
                                (no ring)

@: not resistant to hostile enchantments, extremely unstealthy
A: retaliatory headbutt, horns 2
a: no special abilities


You were on level 4 of the Dungeon.
You were hungry.

You visited 1 branch of the dungeon, and saw 4 of its levels.

You collected 97 gold pieces.

Inventory:

Hand weapons
 a - a +0 flail (weapon)
Armour
 b - a +0 scale mail (worn)
 c - a +0 shield (worn)
Scrolls
 g - 3 scrolls of teleportation {unknown}
 j - 2 scrolls of identify {unknown}
 k - a scroll of remove curse {unknown}
 l - a scroll of fog {unknown}
 p - a scroll of blinking {unknown}
 r - a scroll of enchant armour {unknown}
 s - a scroll of enchant weapon {unknown}
Potions
 d - a potion of might
 h - a potion of lignification {unknown}
 m - 2 potions of haste {unknown}
 o - a potion of degeneration {unknown}
 q - a potion of magic {unknown}
Comestibles
 e - 2 bread rations
 f - a meat ration
 i - 3 fruits
 n - 6 chunks of flesh


   Skills:
 + Level 4.6 Fighting
 + Level 3.9 Maces & Flails
 + Level 4.6 Armour
 + Level 1.9 Dodging
 + Level 0.1 Stealth
 + Level 4.8 Shields


You had 4 spell levels left.
You didn't know any spells.

Dungeon Overview and Level Annotations

Branches:
Dungeon (4/15)
 Temple: D:4-7

Altars:
Dithmenos
Ru
Vehumet

Annotations:
D:4 Pikel


Innate Abilities, Weirdness & Mutations

You reflexively headbutt those who attack you in melee.
You have a pair of horns on your head.


Message History

The slave closely misses you. The slave hits you. You block the slave's attack.
The slave barely misses you. Pikel hits you but does no damage.
You closely miss Pikel. Your headbutt misses Pikel.
Pikel is lightly wounded.
You block the slave's attack. x2
The slave hits you.
* * * LOW HITPOINT WARNING * * *
The slave hits you but does no damage. Pikel hits you with a whip of freezing.
* * * LOW HITPOINT WARNING * * *
Pikel freezes you.
* * * LOW HITPOINT WARNING * * *
The slave barely misses you. The slave barely misses you.
Pikel hits you with a whip of freezing.
* * * LOW HITPOINT WARNING * * *
Pikel freezes you.
* * * LOW HITPOINT WARNING * * *
Your shield prevents you from hitting the slave.
You block the slave's attack. x2
Pikel hits you with a whip of freezing.
You die...

..# #..#..# #.#
...##..)..##..#
.............
#.........#
##.?._...##
...##.........##..
.......pK.....$...
#@p...# # #
##pp#..## .#
#.##.##..###..##.#
...(.....###.....#
###...<..#......#
.........)......##
.##.............#
................#
.##............##


You could see Pikel and 4 slaves.

Vanquished Creatures
  A hound (D:4)
  An orc priest (D:3)
  An orc wizard (D:2)
  4 adders
  An ooze (D:1)
  A worm (D:3)
  4 giant geckos
  6 orcs (D:3)
  4 giant cockroaches
  9 goblins
  7 hobgoblins
  5 jackals (D:1)
  A quokka (D:3)
  A ball python (D:2)
  9 bats
  5 giant newts
  7 kobolds
  10 rats
  A bush (D:1)
78 creatures vanquished.

Vanquished Creatures (others)
  A giant cockroach (D:2)
1 creature vanquished.

Grand Total: 79 creatures vanquished

Notes
Turn   | Place    | Note
--------------------------------------------------------------
     0 | D:1      | karlkraus the Minotaur Fighter began the quest for the Orb.
     0 | D:1      | Reached XP level 1. HP: 19/19 MP: 0/0
   123 | D:1      | Reached XP level 2. HP: 27/27 MP: 1/1
   321 | D:1      | Reached skill level 4 in Shields
   703 | D:1      | Reached XP level 3. HP: 25/33 MP: 2/2
  1037 | D:2      | Reached skill level 1 in Dodging
  1102 | D:2      | Found a sacrificial altar of Ru.
  1115 | D:2      | Reached XP level 4. HP: 32/40 MP: 3/3
  1381 | D:2      | Found a radiant altar of Vehumet.
  1787 | D:3      | Reached XP level 5. HP: 44/47 MP: 4/4
  2293 | D:4      | Found a shadowy altar of Dithmenos.
  2303 | D:4      | Noticed a slave
  2306 | D:4      | Noticed Pikel
  2306 | D:4      | Noticed a slave
  2308 | D:4      | Noticed a slave
  2309 | D:4      | Noticed a slave
  2319 | D:4      | Slain by Pikel

Vault maps used:
D:1:      minmay_arrival_hallway, serial_forest, infiniplex_forest_zigzag_2,
          infiniplex_forest_split, infiniplex_forest_straight_4,
          infiniplex_forest_straight_1, infiniplex_forest_straight_2,
          infiniplex_forest_clump_curved
D:2:      fiery_altar_vehumet, nicolae_ru_great_annihilating_truth
D:3:      kennysheep_decorative_pillar
D:4:      nicolae_dithmenos_shadow_blocks, interstate_on_off,
          grunt_ministairs_15, uniq_pikel

Action                   |  1- 3 |  4- 6 || total
-------------------------+-------+-------++-------
Melee: Flail             |   138 |   106 ||   244
 Stab: Paralysed         |     1 |       ||     1
  Eat: Chunk             |     1 |     3 ||     4
